Map: Frozen Temple

Players

Harstem

  • Race: Protoss Protoss
  • League: Master

Elazer - Winner!

  • Race: Zerg Zerg
  • League: Grandmaster

Event: Polygon Gaming Invitational 3

VOD

Have the link to the VOD?

Description

Time

  • Played on: July 23, 2016, 1:39 p.m.
  • Length: 7:02

All games in this series

Show
View Real Time Build Order
Export as new Build Order

Harstem Protoss 

Build Orders: 1 Gate Expand 

Get SALT Encoding   

  12  0:01  Probe (Chrono Boost)  
  13  0:11  Probe (Chrono Boost)  
  14  0:18  Pylon  
  14  0:22  Probe (Chrono Boost)  
  15  0:36  Probe (Chrono Boost)  
  15  0:38  Gateway  
  16  0:46  Assimilator  
  16  0:47  Probe (Chrono Boost)  
  17  0:57  Probe (Chrono Boost)  
  18  1:08  Probe (Chrono Boost)  
  19  1:19  Probe (Chrono Boost)  
  20  1:25  Nexus  
  20  1:34  Cybernetics Core  
  20  1:38  Probe (Chrono Boost)  
  21  1:43  Assimilator  
  21  1:50  Probe (Chrono Boost)  
  21  1:52  Pylon  
  22  2:00  Probe (Chrono Boost)  
  23  2:02  Warp Gate  
  23  2:10  Adept  
  23  2:12  Probe (Chrono Boost)  
  27  2:24  Probe (Chrono Boost)  
  27  2:28  Twilight Council  
  27  2:33  Stalker  
  27  2:36  Probe (Chrono Boost)  
  28  2:39  Probe (Chrono Boost)  
  31  2:48  Probe (Chrono Boost)  
  33  2:51  Probe (Chrono Boost)  
  33  3:00  Probe (Chrono Boost)  
  33  3:02  Resonating Glaives  
  33  3:03  Probe (Chrono Boost)  
  34  3:12  Probe (Chrono Boost)  
  34  3:16  Probe (Chrono Boost)  
  34  3:21  Adept  
  34  3:23  Gateway  
  34  3:24  Probe (Chrono Boost)  
  37  3:27  Gateway  
  37  3:31  Probe (Chrono Boost)  
  38  3:39  Mothership Core (Chrono Boost), Pylon  
  40  3:43  Probe (Chrono Boost)  
  42  3:55  Probe (Chrono Boost)  
  42  3:57  Probe (Chrono Boost)  
  43  4:06  Adept  
  43  4:07  Probe (Chrono Boost)  
  43  4:08  Probe (Chrono Boost)  
  47  4:14  Pylon  
  47  4:18  Probe (Chrono Boost)  
  47  4:20  Adept  
  51  4:25  Nexus  
  51  4:27  Pylon  
  51  4:30  Adept x2  
  54  4:32  Probe (Chrono Boost)  
  54  4:34  Probe (Chrono Boost)  
  56  4:43  Probe (Chrono Boost)  
  56  4:44  Sentry, Robotics Facility  
  60  4:46  Probe (Chrono Boost)  
  60  4:53  Probe (Chrono Boost)  
  60  4:56  Sentry  
  60  4:59  Probe (Chrono Boost), Assimilator  
  64  5:01  Assimilator  
  64  5:04  Probe (Chrono Boost)  
  65  5:11  Probe (Chrono Boost), Pylon  
  66  5:14  Probe (Chrono Boost)  
  66  5:15  Sentry, Pylon  
  70  5:22  Probe (Chrono Boost)  
  70  5:27  Forge  
  70  5:29  Immortal  
  70  5:30  Probe (Chrono Boost)  
  70  5:33  Probe (Chrono Boost)  
  70  5:34  Sentry x2  
  80  5:37  Probe (Chrono Boost)  
  80  5:42  Probe (Chrono Boost)  
  82  5:44  Probe (Chrono Boost)  
  82  5:47  Pylon  
  82  5:48  Probe (Chrono Boost)  
  84  5:54  Probe x2 (Chrono Boost)  
  86  5:59  Probe (Chrono Boost)  
  86  6:00  Stalker  
  87  6:04  Pylon  
  87  6:05  Probe (Chrono Boost)  
  87  6:06  Probe (Chrono Boost)  
  87  6:09  Probe (Chrono Boost)  
  87  6:10  Stalker  
  87  6:11  Sentry  
  90  6:28  Probe (Chrono Boost)  
  90  6:29  Pylon  
  93  6:33  Gateway  
  93  6:35  Adept, Gateway  
  88  6:44  Adept x2  
  70  6:57  Gateway  
Show
View Real Time Build Order
Export as new Build Order

Elazer Zerg - Winner!

Build Orders: Hatch First 

Get SALT Encoding   

  12  0:00  Drone  
  13  0:12  Overlord  
  13  0:17  Drone  
  14  0:31  Drone x2  
  14  0:34  Drone  
  17  0:53  Hatchery  
  17  0:54  Drone  
  17  0:58  Drone  
  18  1:09  Extractor  
  17  1:12  Spawning Pool  
  17  1:16  Drone  
  17  1:19  Drone  
  18  1:28  Drone  
  19  1:39  Overlord  
  19  1:50  Drone  
  20  1:59  Queen  
  20  2:00  Drone  
  23  2:04  Queen  
  23  2:05  Zergling x2  
  26  2:10  Metabolic Boost  
  26  2:12  Drone  
  27  2:29  Hatchery, Drone  
  27  2:35  Zergling x4  
  29  2:42  Queen  
  31  2:46  Drone  
  31  2:49  Overlord  
  32  2:54  Drone  
  32  2:55  Drone  
  32  2:57  Drone  
  35  3:00  Drone  
  36  3:05  Spore Crawler  
  36  3:12  Drone  
  34  3:13  Drone x2  
  34  3:14  Drone  
  34  3:17  Drone x2  
  40  3:25  Drone  
  41  3:30  Roach Warren  
  41  3:32  Overlord  
  41  3:33  Drone x2  
  42  3:35  Drone  
  42  3:37  Drone  
  44  3:44  Drone  
  44  3:46  Drone  
  44  3:48  Extractor  
  45  3:49  Drone  
  45  3:51  Drone x3  
  45  3:55  Overlord  
  49  3:56  Drone x2  
  49  3:59  Drone x2  
  53  4:10  Overlord, Extractor, Lair  
  53  4:11  Drone  
  53  4:12  Drone  
  54  4:19  Roach  
  54  4:20  Roach  
  57  4:27  Roach  
  57  4:29  Zergling x4  
  57  4:30  Roach, Zergling x2  
  64  4:35  Roach  
  66  4:39  Roach  
  66  4:40  Roach  
  66  4:41  Zergling x4  
  66  4:44  Overlord  
  72  4:46  Roach  
  72  4:52  Overlord x2  
  74  5:01  Overlord  
  74  5:03  Roach  
  74  5:04  Roach x3  
  82  5:08  Glial Reconstitution  
  82  5:10  Overlord  
  82  5:13  Roach  
  86  5:14  Roach  
  86  5:18  Zergling x6  
  89  5:21  Overseer  
  89  5:27  Overlord x2  
  89  5:29  Roach  
  89  5:30  Roach x2  
  89  5:33  Roach  
  97  5:36  Roach  
  97  5:37  Zergling x14  
  106  5:45  Roach x2  
  110  5:52  Roach  
  111  5:59  Roach  
  111  6:00  Roach x4  
  111  6:01  Overlord  
  111  6:02  Zergling x2  
  111  6:03  Zergling x6  
  115  6:20  Zergling x12  
  115  6:25  Ravager  
  109  6:26  Ravager, Zergling x2  
  105  6:37  Zergling x14  
  100  6:51  Ravager x2  
Tags
 
Add a new tag
Caveats
  • Supply blocks, unpowered buildings, or Contaminate may cause inaccurate times.
  • Supply counts are checked every 10 seconds.